 Dungeon Crawl Stone Soup version 0.28-a0-1429-gf3d713df7a (webtiles) character file.

Game seed: 8444267902686158933

471 rogsnak the Magician (level 7, -3/50 HPs)
             Began as a Gnoll Hedge Wizard on Jan 9, 2022.
             Splashed by a jelly's acid (7 damage)
             ... on level 4 of the Dungeon.
             The game lasted 00:07:36 (4524 turns).

rogsnak the Magician (Gnoll Hedge Wizard)           Turns: 4524, Time: 00:07:37

Health: -3/50      AC:  0    Str:  9    XL:     7   Next: 9%
Magic:  6/18       EV: 13    Int: 16    God:
Gold:   148        SH:  0    Dex: 11    Spells: 15/21 levels left

rFire   . . .      SeeInvis .   v - +6 dagger of Laceration {venom, Will+ Stlth+}
rCold   . . .      Faith    .   (no shield)
rNeg    . . .      Spirit   .   b - +0 robe
rPois   .          Reflect  .   c - +0 hat
rElec   .          Harm     .   (no cloak)
rCorr   .          Rampage  .   (no gloves)
Will    +....                   r - +0 pair of boots
Stlth   ++++......              (no amulet)
HPRegen 0.16/turn               (no ring)
MPRegen 0.16/turn               (no ring)

@: corroded, very slightly contaminated
A: fangs 1, strong nose, distributed training
a: no special abilities


You were on level 4 of the Dungeon.
You visited 1 branch of the dungeon, and saw 4 of its levels.

You collected 148 gold pieces.

Inventory:

Hand Weapons
 v - the +6 dagger of Laceration (weapon) {venom, Will+ Stlth+}
   (You took it off a kobold on level 3 of the Dungeon)

   It poisons the flesh of those it strikes.
   Will:      It increases your willpower.
   Stlth:     It makes you more stealthy.
Missiles
 d - 17 poisoned darts
 f - 87 stones
 n - 45 arrows
 s - a throwing net
Armour
 b - a +0 robe (worn)
 c - a +0 hat (worn)
 r - a +0 pair of boots (worn)
Wands
 a - a wand of digging (6)
Scrolls
 i - a scroll of amnesia {unknown}
 l - a scroll of enchant armour {unknown}
 o - 2 scrolls of identify {unknown}
 q - a scroll of teleportation {unknown}
 t - a scroll of summoning {unknown}
Potions
 g - a potion of flight {unknown}
 h - 3 potions of curing {unknown}
 j - a potion of haste {unknown}
 k - 2 potions of brilliance
 m - 2 potions of degeneration {unknown}
 u - a potion of mutation {unknown}


   Skills:
 + Level 2.2 Fighting
 + Level 2.2 Short Blades
 + Level 2.2 Long Blades
 + Level 2.2 Axes
 + Level 2.2 Maces & Flails
 + Level 2.2 Polearms
 + Level 2.2 Staves
 + Level 2.2 Slings
 + Level 2.2 Bows
 + Level 2.2 Crossbows
 + Level 2.2 Throwing
 + Level 2.2 Armour
 + Level 5.1 Dodging
 + Level 4.8 Stealth
 + Level 2.2 Shields
 + Level 2.2 Unarmed Combat
 + Level 7.5 Spellcasting
 + Level 2.8 Conjurations
 + Level 1.8 Hexes
 + Level 2.8 Summonings
 + Level 1.8 Necromancy
 + Level 2.8 Translocations
 + Level 1.8 Transmutations
 + Level 1.8 Fire Magic
 + Level 1.8 Ice Magic
 + Level 1.8 Air Magic
 + Level 1.8 Earth Magic
 + Level 1.8 Poison Magic
 + Level 2.5 Invocations
 + Level 2.2 Evocations


You had 15 spell levels left.
You knew the following spells:

 Your Spells              Type           Power      Damage    Failure   Level
a - Magic Dart            Conj           60%        1d6       3%          1
b - Blink                 Tloc           30%        N/A       5%          2
c - Mephitic Cloud        Conj/Pois/Air  13%        N/A       14%         3

Your spell library contained the following spells:

 Spells                   Type           Power      Damage    Failure   Level
 Slow                     Hex            44%        N/A       5%          1
 Call Imp                 Summ           15%        N/A       5%          2
 Passwall                 Tmut/Erth      9%         N/A       9%          2
 Gell's Gravitas          Tloc           15%        N/A       11%         3
 Lesser Beckoning         Tloc           15%        N/A       11%         3
 Teleport Other           Tloc           15%        N/A       11%         3
 Conjure Flame            Conj/Fire      13%        6-21      14%         3
 Swiftness                Air            11%        N/A       17%         3


Dungeon Overview and Level Annotations

Branches:
Dungeon (4/15)
 Temple: D:4-7

Altars:


Innate Abilities, Weirdness & Mutations

You have very sharp teeth.
Your uncanny sense of smell can sniff out nearby items.
Your experience applies equally to all skills.


Message History

Confirm with . or Enter, or press ? or * to list all spells.
Aiming: Magic Dart (safe; 3% risk of failure)
Press: ? - help, Shift-Dir - straight line, f/p - jelly
Aim: a jelly (lightly wounded, 100% to hit)
The magic dart hits the jelly.
The jelly is lightly wounded.
You feel stable enough to blink again.
The adder is engulfed in noxious fumes.
The adder appears confused.
The jelly closely misses you.
Casting: Magic Dart (safe; 3% risk of failure)
Confirm with . or Enter, or press ? or * to list all spells.
Aiming: Magic Dart (safe; 3% risk of failure)
Press: ? - help, Shift-Dir - straight line, f/p - jelly
Aim: a jelly (lightly wounded, 100% to hit)
The magic dart hits the jelly.
The jelly is moderately wounded.
The jelly hits you.
You are splashed with acid!
The adder is engulfed in noxious fumes.
The adder appears confused.
The adder bites the jelly.
The adder is burned by acid!
Casting: Magic Dart (safe; 3% risk of failure)
Confirm with . or Enter, or press ? or * to list all spells.
Aiming: Magic Dart (safe; 3% risk of failure)
Press: ? - help, Shift-Dir - straight line, f/p - jelly
Aim: a jelly (heavily wounded, 100% to hit)
The magic dart hits the jelly.
The jelly is severely wounded.
The adder is engulfed in noxious fumes.
The adder appears confused.
The jelly hits you.
You are splashed with acid!
* * * LOW HITPOINT WARNING * * *
Casting: Magic Dart (safe; 3% risk of failure)
Confirm with . or Enter, or press ? or * to list all spells.
Aiming: Magic Dart (safe; 3% risk of failure)
Press: ? - help, Shift-Dir - straight line, f/p - jelly
Aim: a jelly (severely wounded, 100% to hit)
The magic dart hits the jelly.
The jelly is almost dead.
The jelly hits you.
* * * LOW HITPOINT WARNING * * *
You are splashed with acid!
You die...

#..........?..
............. ...
#.#.#...#..##...#
#.......#.......
#..$........... #
#.#.#.......#...#
...)............
#.#.#...#...#.#.#
#......<).J@....#
###.#....°.S....#
#.............#
###.#.##.##.#.#
#.####.# .# # #.
#.# .. #. .. ..
#. ###


You could see a jelly and an adder (confused).

Vanquished Creatures
  Sigmund (D:2)
  An ogre (D:3)
  An orc priest (D:4)
  Terence (D:3)
  Robin (D:2)
  5 adders
  An adder skeleton (D:3)
  A worm (D:3)
  2 dart slugs
  5 orcs (D:3)
  9 bats
  3 endoplasms
  12 giant cockroaches
  14 goblins
  8 hobgoblins
  11 jackals
  9 kobolds
  5 quokkas
  3 ball pythons
  6 frilled lizards
  3 rats
102 creatures vanquished.

Notes
Turn   | Place    | Note
-------+----------+-------------------------------------------
     0 | D:1      | rogsnak the Gnoll Hedge Wizard began the quest for the Orb.
     0 | D:1      | Reached XP level 1. HP: 13/13 MP: 8/8
   420 | D:1      | Reached XP level 2. HP: 19/19 MP: 8/10
   953 | D:1      | Learned a level 2 spell: Blink
  1297 | D:1      | Reached XP level 3. HP: 18/25 MP: 7/11
  1301 | D:1      | Learned a level 3 spell: Mephitic Cloud
  1695 | D:2      | Reached skill level 1 in Invocations
  1811 | D:2      | Reached skill level 1 in Fighting
  1811 | D:2      | Reached skill level 1 in Short Blades
  1811 | D:2      | Reached skill level 1 in Long Blades
  1811 | D:2      | Reached skill level 1 in Axes
  1811 | D:2      | Reached skill level 1 in Maces & Flails
  1811 | D:2      | Reached skill level 1 in Polearms
  1811 | D:2      | Reached skill level 1 in Staves
  1811 | D:2      | Reached skill level 1 in Slings
  1811 | D:2      | Reached skill level 1 in Bows
  1811 | D:2      | Reached skill level 1 in Crossbows
  1811 | D:2      | Reached skill level 1 in Throwing
  1811 | D:2      | Reached skill level 1 in Armour
  1811 | D:2      | Reached skill level 1 in Shields
  1811 | D:2      | Reached skill level 1 in Unarmed Combat
  1811 | D:2      | Reached skill level 1 in Evocations
  2209 | D:2      | Reached XP level 4. HP: 32/32 MP: 13/13
  2414 | D:2      | Noticed Sigmund
  2476 | D:2      | Noticed Robin
  2698 | D:2      | Killed Robin
  2699 | D:2      | Reached skill level 1 in Hexes
  2699 | D:2      | Reached skill level 1 in Necromancy
  2699 | D:2      | Reached skill level 1 in Transmutations
  2699 | D:2      | Reached skill level 1 in Fire Magic
  2699 | D:2      | Reached skill level 1 in Ice Magic
  2699 | D:2      | Reached skill level 1 in Air Magic
  2699 | D:2      | Reached skill level 1 in Earth Magic
  2699 | D:2      | Reached skill level 1 in Poison Magic
  2997 | D:2      | Killed Sigmund
  2998 | D:2      | Reached XP level 5. HP: 38/38 MP: 11/14
  2998 | D:2      | Reached XP level 6. HP: 44/44 MP: 12/16
  3348 | D:3      | Found a faded altar of an unknown god.
  3504 | D:3      | Noticed Terence
  3511 | D:3      | Killed Terence
  3512 | D:3      | Reached skill level 5 in Dodging
  4225 | D:3      | Identified the +6 dagger of Laceration {venom, Will+
                  | Stlth+}
  4282 | D:3      | Reached XP level 7. HP: 50/50 MP: 18/18
  4524 | D:4      | Splashed by a jelly's acid

Illustrated notes

Levels and vault maps discovered:
D:1:      dpeg_arrival_court, layout_basic
D:2:      minmay_roachtagon, layout_basic, uniq_robin, uniq_sigmund
D:3:      layout_loops_ring, shapermc_ecumenical_altar_pompeii,
          mrwooster_statue_mirror, minmay_close_crescents, uniq_terence
D:4:      layout_basic, trog_butcher_becter,
          nicolae_gozag_cash_rules_everything_around_me, gammafunk_ghost_grave,
          kennysheep_generic_room_8, uniq_pikel, uniq_ijyb

Skill      XL: |  1  2  3  4  5  6 |
---------------+-------------------+-----
Conjurations   | 2 |  2.8
Summonings     | 2 |  2.8
Translocations | 2 |  2.8
Invocations    | 1 2 |  2.5
Fighting       | 1 2 |  2.2
Short Blades   | 1 2 |  2.2
Long Blades    | 1 2 |  2.2
Axes           | 1 2 |  2.2
Maces & Flails | 1 2 |  2.2
Polearms       | 1 2 |  2.2
Staves         | 1 2 |  2.2
Slings         | 1 2 |  2.2
Bows           | 1 2 |  2.2
Crossbows      | 1 2 |  2.2
Throwing       | 1 2 |  2.2
Armour         | 1 2 |  2.2
Shields        | 1 2 |  2.2
Unarmed Combat | 1 2 |  2.2
Evocations     | 1 2 |  2.2
Hexes          | 1 |  1.8
Necromancy     | 1 |  1.8
Transmutations | 1 |  1.8
Fire Magic     | 1 |  1.8
Ice Magic      | 1 |  1.8
Air Magic      | 1 |  1.8
Earth Magic    | 1 |  1.8
Poison Magic   | 1 |  1.8
Dodging        | 5 |  5.1
Stealth        | |  4.8
Spellcasting   | |  7.5

Action                   |  1- 3 |  4- 6 |  7- 9 || total
-------------------------+-------+-------+-------++-------
Melee: Short sword       |    20 |       |       ||    20
       Bite              |     3 |    13 |       ||    16
       Long sword        |    20 |       |       ||    20
       Hand axe          |     4 |   114 |       ||   118
       Punch             |       |     4 |     1 ||     5
       Dagger            |       |     1 |     9 ||    10
 Cast: Magic Dart        |    60 |    77 |     5 ||   142
       Mephitic Cloud    |       |     2 |     2 ||     4
       Blink             |       |       |     1 ||     1
 Stab: Sleeping          |     4 |     4 |     1 ||     9
       Confused          |       |     2 |       ||     2
Armor: Robe              |    11 |    15 |     1 ||    27
Dodge: Dodged            |    42 |    99 |    12 ||   153

Table legend: (Time is in decaauts)
 A = Elapsed time spent in this place.
 B = Non-inter-level travel time spent in this place.
 C = Inter-level travel time spent in this place.
 D = Time resting spent in this place.
 E = Time spent auto-exploring this place.
 F = Levels seen in this place.
 G = Mean time per level.
                   A        B        C        D        E       F      G
               +--------+--------+--------+--------+--------+-----+--------+
         Total |   4556 |   4482 |     74 |    679 |   2848 |   4 | 1139.0 |
       Dungeon |   4556 |   4482 |     74 |    679 |   2848 |   4 | 1139.0 |
               +--------+--------+--------+--------+--------+-----+--------+

Top non-repeatable levels by time:
     D:2: 1654 daAuts
     D:3: 1483 daAuts
     D:1: 1398 daAuts
     D:4: 20 daAuts
